 Dungeon Crawl Stone Soup version 0.20.1-1-g8b1a95d (webtiles) character file.

165 tmwrnj the Chopper (level 5, -1/46 HPs)
             Began as a Hill Orc Fighter on July 23, 2017.
             Slain by Grinder (5 damage)
             ... while paralysed by Grinder
             ... on level 3 of the Dungeon.
             The game lasted 00:06:35 (2482 turns).

tmwrnj the Chopper (Hill Orc Fighter)               Turns: 2482, Time: 00:06:36

Health: -1/46      AC:  7    Str: 20    XL:     5   Next: 46%
Magic:  5/5        EV:  2    Int:  8    God:
Gold:   93         SH:  0    Dex: 10    Spells: 4/4 levels left

rFire    . . .     SeeInvis .   a - +0 war axe
rCold    . . .     Gourm    .   c - +0 shield
rNeg     . . .     Faith    .   b - +0 scale mail
rPois    .         Spirit   .   (no helmet)
rElec    .         Reflect  .   (no cloak)
rCorr    .         Harm     .   (no gloves)
MR       .....                  (no boots)
Stlth    ..........             (no amulet)
Regen    0.2/turn               (no ring)
MPRegen  0.1/turn               (no ring)

@: paralysed
A: no striking features
a: no special abilities


You were on level 3 of the Dungeon.
You were not hungry.

You visited 1 branch of the dungeon, and saw 4 of its levels.

You collected 93 gold pieces.

Inventory:

Hand Weapons
 a - a +0 war axe (weapon)
 s - a +1 morningstar of protection
Armour
 b - a +0 scale mail (worn)
 c - a +0 shield (worn)
 j - a +0 large shield
 l - a +0 large shield
 p - a +0 helmet
Scrolls
 g - 2 scrolls of amnesia {unknown}
 h - 7 scrolls of identify {unknown}
 i - 4 scrolls of teleportation {unknown}
 k - 4 scrolls of enchant armour {unknown}
 n - a scroll of remove curse {unknown}
 r - a scroll of fear {unknown}
Potions
 d - a potion of might
 e - 3 potions of heal wounds {unknown}
 q - 2 potions of cancellation {unknown}
Comestibles
 f - a bread ration
 m - 2 meat rations
 o - 2 royal jellies


   Skills:
 + Level 4.1 Fighting
 + Level 4.8 Axes
 + Level 4.5 Armour
 + Level 0.5 Dodging
 + Level 0.1 Stealth
 + Level 3.9 Shields


You had 4 spell levels left.
You didn't know any spells.

Dungeon Overview and Level Annotations

Branches:
Dungeon (4/15)
 Temple: D:4-7

Altars:
Cheibriados
Yredelemnul

Annotations:
D:3 Grinder


Message History

Grinder hits you.
You writhe in agony.
* * * LOW HITPOINT WARNING * * *
You block Grinder's attack.
You closely miss Grinder.
Grinder is severely wounded.
Grinder hits you.
* * * LOW HITPOINT WARNING * * *
You writhe in agony.
* * * LOW HITPOINT WARNING * * *
You hit Grinder but do no damage.
Grinder is severely wounded.
You block Grinder's attack. Grinder gestures at you.
You suddenly lose the ability to move!
Grinder gestures at you.
You shrug off the repeated paralysis!
Grinder hits you.
* * * LOW HITPOINT WARNING * * *
You writhe in agony.
You die...

#..........#
#..........#
#..........#
#........#
####........##
###............#
....
#...#..........#
....
#.###.......5..#
../. #.#
#......@...# ....
#.# #..........#
.... #.#
##........##
....##.# #.......##
....#..####..######
.....5###....#
....#####....#
########.....#
...#.........#


You could see Grinder.

Vanquished Creatures
  Natasha (D:2)
  Robin (D:2)
  3 gnolls
  An adder (D:3)
  3 worms
  4 dart slugs
  A leopard gecko (D:1)
  A ball python (D:3)
  3 giant cockroaches (D:2)
  14 goblins
  9 hobgoblins
  6 jackals (D:2)
  3 kobolds
  A quokka (D:2)
  7 bats
  3 frilled lizards
  16 rats
77 creatures vanquished.

Notes
Turn   | Place    | Note
-------+----------+-------------------------------------------
     0 | D:1      | tmwrnj the Hill Orc Fighter began the quest for the Orb.
     0 | D:1      | Reached XP level 1. HP: 19/19 MP: 1/1
   153 | D:1      | Reached XP level 2. HP: 19/27 MP: 2/2
   313 | D:1      | Reached XP level 3. HP: 33/33 MP: 3/3
   659 | D:2      | Found a snail-covered altar of Cheibriados.
   756 | D:2      | Found a basalt altar of Yredelemnul.
  1135 | D:2      | Noticed Robin
  1145 | D:2      | Reached XP level 4. HP: 28/40 MP: 4/4
  1163 | D:2      | Killed Robin
  1407 | D:2      | Noticed Natasha
  1419 | D:2      | Killed Natasha
  1760 | D:2      | Reached XP level 5. HP: 28/46 MP: 5/5
  2023 | D:3      | Noticed Grinder
  2051 | D:4      | Noticed an ogre
  2466 | D:3      | Paralysed by Grinder for 2 turns
  2480 | D:3      | Paralysed by Grinder for 3 turns
  2482 | D:3      | Slain by Grinder

Skill      XL: |  1  2  3  4 |
---------------+-------------+-----
Axes           | 3 4 |  4.8
Fighting       | 4 |  4.1
Armour         | 4 |  4.5
Dodging        | |  0.5
Stealth        | |  0.1
Shields        | |  3.9

Action                   |  1- 3 |  4- 6 || total
-------------------------+-------+-------++-------
Melee: War axe           |   102 |   112 ||   214
  Eat: Chunk             |     1 |     4 ||     5
Armor: Scale mail        |    63 |    44 ||   107
Dodge: Dodged            |    43 |    32 ||    75
Block: Shield            |    64 |    66 ||   130
